Map: Zen LE

Players

goblin - Winner!

  • Race: Protoss Protoss
  • League: Master
  • Spawn Location: 7:00

TLHarstem (Harstem)

  • Race: Protoss Protoss
  • League: Master
  • Spawn Location: 1:00

Event: StayAtHomestory Cup #1

VOD

Have the link to the VOD?

Description

Time

  • Played on: April 10, 2020, 11:07 a.m.
  • Length: 6:15

All games in this series

Show
View Real Time Build Order
Export as new Build Order

goblin Protoss - Winner!

Build Orders:  

Get SALT Encoding   

  12  0:00  Probe  
  13  0:12  Probe  
  14  0:17  Pylon  
  14  0:24  Probe (Chrono Boost)  
  15  0:36  Probe (Chrono Boost), Gateway  
  16  0:44  Probe (Chrono Boost)  
  16  0:45  Assimilator  
  17  0:51  Probe  
  17  0:54  Assimilator  
  18  1:03  Probe (Chrono Boost)  
  19  1:10  Gateway  
  19  1:13  Probe (Chrono Boost)  
  19  1:17  Probe (Chrono Boost)  
  20  1:24  Cybernetics Core  
  21  1:29  Probe  
  22  1:39  Pylon  
  22  1:42  Probe  
  23  2:01  Robotics Facility  
  23  2:03  Stalker  
  23  2:05  Stalker  
  23  2:08  Warp Gate  
  27  2:16  Pylon  
  27  2:19  Probe  
  28  2:33  Stalker  
  28  2:35  Stalker  
  32  2:50  Immortal (Chrono Boost)  
  36  3:00  Shield Battery  
  36  3:07  Pylon  
  36  3:21  Warp Prism (Chrono Boost)  
  38  3:33  Probe  
  38  3:52  Immortal  
  42  3:56  Pylon  
  42  4:01  Sentry x2  
  46  4:26  Stalker x2  
  48  4:36  Immortal  
  52  4:51  Stalker  
  54  4:57  Probe  
  54  4:58  Pylon  
  55  5:17  Adept x2  
  55  5:19  Observer  
  55  5:21  Pylon  
  54  5:45  Stalker, Adept  
  62  6:12  Stalker x2  
Show
View Real Time Build Order
Export as new Build Order

TLHarstem Protoss 

Build Orders: Oracle Opening 

Get SALT Encoding   

  12  0:00  Probe  
  13  0:12  Probe  
  14  0:17  Pylon  
  14  0:24  Probe (Chrono Boost)  
  15  0:36  Probe (Chrono Boost)  
  15  0:38  Gateway  
  16  0:44  Probe (Chrono Boost)  
  16  0:49  Assimilator  
  17  0:51  Probe  
  17  0:55  Assimilator  
  18  1:03  Probe (Chrono Boost)  
  19  1:07  Gateway  
  19  1:12  Probe (Chrono Boost)  
  19  1:17  Probe (Chrono Boost)  
  20  1:25  Cybernetics Core  
  21  1:29  Probe  
  22  1:38  Pylon  
  22  1:41  Probe  
  23  1:56  Probe  
  24  2:01  Stargate  
  24  2:06  Stalker  
  26  2:11  Stalker  
  28  2:16  Pylon  
  28  2:24  Warp Gate  
  28  2:43  Zealot  
  30  2:46  Oracle (Chrono Boost)  
  33  2:56  Stalker  
  35  3:15  Nexus  
  35  3:23  Robotics Facility  
  35  3:30  Zealot  
  35  3:31  Shield Battery  
  37  3:38  Pylon  
  37  3:42  Oracle (Chrono Boost)  
  37  3:48  Pylon  
  39  3:56  Probe  
  40  4:03  Pylon  
  40  4:12  Immortal (Chrono Boost)  
  40  4:14  Zealot  
  46  4:19  Zealot  
  42  4:38  Stalker  
  44  4:54  Warp Prism (Chrono Boost)  
  44  5:02  Sentry  
  44  5:05  Gateway  
  46  5:09  Shield Battery  
  46  5:20  Stargate  
  46  5:27  Pylon  
  44  5:48  Shield Battery  
  36  6:05  Sentry  
Tags
 
Add a new tag
Caveats
  • Supply blocks, unpowered buildings, or Contaminate may cause inaccurate times.
  • Supply counts are checked every 10 seconds.